TOP OF THE 1ST |
Pocatello Boccabellas batting - Pitching for Vista Panthers : RHP Randy Mailman
|
Pitching: RHP Randy Mailman
|
|
Batting: RHB Tomás Carranza
|
0-0: Ball 1-0: Ball 2-0: Ball 3-0: Called Strike 3-1: Foul Ball, location: 2F 3-2: Foul Ball, location: 2F 3-2: Foul Ball, location: 2F 3-2: Ground out 6-3 (Groundball, 6)
|
Batting: LHB Jim Jensen
|
0-0: Called Strike 0-1: Foul Ball, location: 2F 0-2: Ball 1-2: Fly out, F8 (Flyball, 8LS)
|
Batting: RHB Ernesto Acosta
|
0-0: Foul Ball, location: 2F 0-1: Ball 1-1: Swinging Strike 1-2: Ball 2-2: DOUBLE (Line Drive, 9LS)
|
Batting: LHB Juan Cortés
|
0-0: Ball 1-0: Called Strike 1-1: SINGLE (Groundball, 25) (infield hit) Ernesto Acosta to third
|
Batting: RHB Manny Copriviza
|
0-0: Swinging Strike 0-1: Ball 1-1: Ball 2-1: Reached on error, E5 (Groundball, 56S) Ernesto Acosta scores Juan Cortés to second
|
Batting: RHB Francisco Sandoval
|
0-0: Ball 1-0: Ball 2-0: Foul Ball, location: 2F 2-1: Ground out 4-3 (Groundball, 34)
|
Top of the 1st over - 1 run(s), 2 hit(s), 1 error(s), 2 left on base; Pocatello 1 - Vista 0 |
BOTTOM OF THE 1ST |
Vista Panthers batting - Pitching for Pocatello Boccabellas : LHP Rod Adams
|
Pitching: LHP Rod Adams
|
|
Batting: RHB Justin Burgess
|
0-0: Called Strike 0-1: Ball 1-1: Called Strike 1-2: Ball 2-2: Fly out, F8 (Flyball, 8RS)
|
Batting: RHB Phil Matthews
|
0-0: Ball 1-0: Foul Ball, location: 2F 1-1: Ball 2-1: Fly out, F8 (Flyball, 8RS)
|
Batting: RHB John Mendelson
|
0-0: Fly out, F9 (Flyball, 89M)
|
Bottom of the 1st over - 0 run(s), 0 hit(s), 0 error(s), 0 left on base; Pocatello 1 - Vista 0 |
TOP OF THE 2ND |
Pocatello Boccabellas batting - Pitching for Vista Panthers : RHP Randy Mailman
|
Batting: SHB Guillermo Ortíz
|
0-0: Ball 1-0: Fly out, F2 (Popup, 23)
|
Batting: RHB José Delgado
|
0-0: Ball 1-0: Called Strike 1-1: Foul Ball, location: 2F 1-2: Ball 2-2: Ball 3-2: Ground out 6-3 (Groundball, 6)
|
Batting: LHB Vicente Bueno
|
0-0: SINGLE (Groundball, 4D)
|
Batting: RHB Tomás Carranza
|
0-0: Called Strike 0-1: Fly out, F3 (Line Drive, 3S)
|
Top of the 2nd over - 0 run(s), 1 hit(s), 0 error(s), 1 left on base; Pocatello 1 - Vista 0 |
BOTTOM OF THE 2ND |
Vista Panthers batting - Pitching for Pocatello Boccabellas : LHP Rod Adams
|
Batting: SHB Mark Wells
|
0-0: Called Strike 0-1: Foul Ball, location: 2F 0-2: Strikes out swinging
|
Batting: RHB Roberto Cruz
|
0-0: Called Strike 0-1: Fly out, F8 (Flyball, 89M)
|
Batting: LHB Bob Cunningham
|
0-0: Called Strike 0-1: Ball 1-1: Fly out, F7 (Flyball, 7LS)
|
Bottom of the 2nd over - 0 run(s), 0 hit(s), 0 error(s), 0 left on base; Pocatello 1 - Vista 0 |
TOP OF THE 3RD |
Pocatello Boccabellas batting - Pitching for Vista Panthers : RHP Randy Mailman
|
Batting: LHB Jim Jensen
|
0-0: Ball 1-0: Called Strike 1-1: Ground out 4-3 (Groundball, 4S)
|
Batting: RHB Ernesto Acosta
|
0-0: Foul Ball, location: 2F 0-1: Ball 1-1: Swinging Strike 1-2: SINGLE (Groundball, 56) (infield hit)
|
Batting: LHB Juan Cortés
|
0-0: Ball 1-0: Fielders Choice at 2nd, 5-4 (Groundball, 56)
|
Batting: RHB Manny Copriviza
|
0-0: Called Strike 0-1: Ball Juan Cortés is caught stealing 2nd base
|
Top of the 3rd over - 0 run(s), 1 hit(s), 0 error(s), 0 left on base; Pocatello 1 - Vista 0 |
BOTTOM OF THE 3RD |
Vista Panthers batting - Pitching for Pocatello Boccabellas : LHP Rod Adams
|
Batting: RHB Bonifacio Torres
|
0-0: Ball 1-0: Ball 2-0: Fly out, F1 (Line Drive, 13S)
|
Batting: LHB Francisco Marino
|
0-0: Foul Ball, location: 2F 0-1: Ball 1-1: DOUBLE (Flyball, 89D)
|
Batting: RHB George Howard
|
0-0: Ball 1-0: Ground out 4-3 (Groundball, 4S) Francisco Marino to third
|
Batting: RHB Justin Burgess
|
0-0: Called Strike 0-1: Ball 1-1: Ball 2-1: Called Strike 2-2: Ball 3-2: Foul Ball, location: 2F 3-2: Foul Ball, location: 2F 3-2: Foul Ball, location: 2F 3-2: Strikes out looking
|
Bottom of the 3rd over - 0 run(s), 1 hit(s), 0 error(s), 1 left on base; Pocatello 1 - Vista 0 |
TOP OF THE 4TH |
Pocatello Boccabellas batting - Pitching for Vista Panthers : RHP Randy Mailman
|
Batting: RHB Manny Copriviza
|
0-0: Ball 1-0: Ball 2-0: Foul Ball, location: 2F 2-1: Foul Ball, location: 2F 2-2: Ball 3-2: Foul Ball, location: 2F 3-2: SINGLE (Groundball, 4D)
|
Batting: RHB Francisco Sandoval
|
0-0: Ball 1-0: Called Strike 1-1: Swinging Strike 1-2: Foul Ball, location: 2F 1-2: Ball 2-2: Strikes out looking
|
Batting: SHB Guillermo Ortíz
|
0-0: Ball 1-0: Grounds into double play, 4-6-3 (Groundball, 4M)
|
Top of the 4th over - 0 run(s), 1 hit(s), 0 error(s), 0 left on base; Pocatello 1 - Vista 0 |
BOTTOM OF THE 4TH |
Vista Panthers batting - Pitching for Pocatello Boccabellas : LHP Rod Adams
|
Batting: RHB Phil Matthews
|
0-0: Fly out, F9 (Flyball, 9LS)
|
Batting: RHB John Mendelson
|
0-0: Foul Ball, location: 2F 0-1: Foul Ball, location: 2F 0-2: Ball 1-2: Ball 2-2: Ball 3-2: SOLO HOME RUN (Flyball, 78XD), Distance : 422 ft
|
Batting: SHB Mark Wells
|
0-0: Ball 1-0: Foul Ball, location: 2F 1-1: Called Strike 1-2: Foul Ball, location: 2F 1-2: Ball 2-2: Ball 3-2: Foul Ball, location: 2F 3-2: Base on Balls
|
Batting: RHB Roberto Cruz
|
0-0: Ball 1-0: Called Strike Mark Wells steals 2nd base 1-1: Ball 2-1: Ball 3-1: 2-RUN HOME RUN (Flyball, 7LD), Distance : 412 ft
|
Batting: LHB Bob Cunningham
|
0-0: Called Strike 0-1: Ball 1-1: Ball 2-1: SINGLE (Line Drive, 4D)
|
Batting: RHB Bonifacio Torres
|
0-0: SINGLE (Groundball, 34) (infield hit) Bob Cunningham to second
|
Batting: LHB Francisco Marino
|
0-0: Ball 1-0: Called Strike 1-1: SINGLE (Groundball, 34D) Bob Cunningham to third Bonifacio Torres to second Runner from 3rd tries for Home, SAFE, throw made home Bonifacio Torres to third Francisco Marino to second
|
Batting: RHB George Howard
|
0-0: Ball 1-0: Ball 2-0: Called Strike 2-1: Ball 3-1: DOUBLE (Line Drive, 8LD) Bonifacio Torres scores Francisco Marino scores
|
Pitching: LHP Martin Lowry
|
|
Batting: RHB Justin Burgess
|
0-0: Foul Ball, location: 2F 0-1: Ball 1-1: Ball 2-1: Foul Ball, location: 2F 2-2: Foul Ball, location: 2F 2-2: Foul Ball, location: 2F 2-2: Ball 3-2: Foul Ball, location: 2F 3-2: Base on Balls
|
Batting: RHB Phil Matthews
|
0-0: Ball 1-0: Ball Wild Pitch! George Howard to third Justin Burgess to second 2-0: Called Strike 2-1: Fly out, F9 (Flyball, 89S) Runner from 3rd tags up, SCORES, no throw
|
Batting: RHB John Mendelson
|
0-0: Called Strike 0-1: Foul Ball, location: 2F 0-2: Foul Ball, location: 2F 0-2: Ball 1-2: Ball 2-2: Foul Ball, location: 2F 2-2: Foul Ball, location: 2F 2-2: Fly out, F8 (Flyball, 89M)
|
Bottom of the 4th over - 7 run(s), 6 hit(s), 0 error(s), 1 left on base; Pocatello 1 - Vista 7 |
TOP OF THE 5TH |
Pocatello Boccabellas batting - Pitching for Vista Panthers : RHP Randy Mailman
|
Batting: RHB José Delgado
|
0-0: Foul Ball, location: 2F 0-1: Fly out, F9 (Flyball, 9LSF)
|
Batting: LHB Vicente Bueno
|
0-0: Called Strike 0-1: Foul Ball, location: 2F 0-2: Ball 1-2: Ball 2-2: Strikes out swinging
|
Batting: RHB Tomás Carranza
|
0-0: Ball 1-0: Ground out 3-1 (Groundball, 34S)
|
Top of the 5th over - 0 run(s), 0 hit(s), 0 error(s), 0 left on base; Pocatello 1 - Vista 7 |
BOTTOM OF THE 5TH |
Vista Panthers batting - Pitching for Pocatello Boccabellas : LHP Martin Lowry
|
Batting: SHB Mark Wells
|
0-0: Ball 1-0: Ball 2-0: Ball 3-0: Base on Balls
|
Batting: RHB Roberto Cruz
|
0-0: Called Strike 0-1: Foul Ball, location: 2F 0-2: Grounds into double play, 5-4-3 (Groundball, 56)
|
Batting: LHB Bob Cunningham
|
0-0: Called Strike 0-1: Ball 1-1: Fly out, F7 (Flyball, 78S)
|
Bottom of the 5th over - 0 run(s), 0 hit(s), 0 error(s), 0 left on base; Pocatello 1 - Vista 7 |
TOP OF THE 6TH |
Pocatello Boccabellas batting - Pitching for Vista Panthers : RHP Randy Mailman
|
Batting: LHB Jim Jensen
|
0-0: Ball 1-0: Called Strike 1-1: Ball 2-1: Ground out 6-3 (Groundball, 6M)
|
Batting: RHB Ernesto Acosta
|
0-0: Ball 1-0: Ball 2-0: Ball 3-0: Called Strike 3-1: SINGLE (Groundball, 25) (infield hit)
|
Batting: LHB Juan Cortés
|
0-0: Called Strike 0-1: DOUBLE (Flyball, 78D) Ernesto Acosta to third
|
Batting: RHB Manny Copriviza
|
0-0: Swinging Strike 0-1: Swinging Strike 0-2: Ground out 4-3 (Groundball, 4) Ernesto Acosta scores Juan Cortés to third
|
Batting: RHB Francisco Sandoval
|
0-0: Foul Ball, location: 2F 0-1: Foul Ball, location: 2F 0-2: Ball 1-2: Ball 2-2: Ground out U3 (Groundball, 3)
|
Top of the 6th over - 1 run(s), 2 hit(s), 0 error(s), 1 left on base; Pocatello 2 - Vista 7 |
BOTTOM OF THE 6TH |
Vista Panthers batting - Pitching for Pocatello Boccabellas : LHP Martin Lowry
|
Batting: RHB Bonifacio Torres
|
0-0: Ball 1-0: Called Strike 1-1: Fly out, F3 (Line Drive, 34)
|
Batting: LHB Francisco Marino
|
0-0: Ball 1-0: Ball 2-0: Foul Ball, location: 2F 2-1: Ground out 3-1 (Groundball, 34S)
|
Batting: RHB George Howard
|
0-0: Called Strike 0-1: Foul Ball, location: 2F 0-2: Ball 1-2: Strikes out swinging
|
Bottom of the 6th over - 0 run(s), 0 hit(s), 0 error(s), 0 left on base; Pocatello 2 - Vista 7 |
TOP OF THE 7TH |
Pocatello Boccabellas batting - Pitching for Vista Panthers : RHP Randy Mailman
|
Pitching: LHP Mario Tobías
|
|
Batting: SHB Guillermo Ortíz
|
0-0: Ball 1-0: Ball 2-0: Fly out, F7 (Flyball, 78XD)
|
Batting: RHB José Delgado
|
0-0: Ball 1-0: Fly out, F8 (Flyball, 8LM)
|
Batting: LHB Vicente Bueno
|
0-0: Ground out U3 (Groundball, 3)
|
Top of the 7th over - 0 run(s), 0 hit(s), 0 error(s), 0 left on base; Pocatello 2 - Vista 7 |
BOTTOM OF THE 7TH |
Vista Panthers batting - Pitching for Pocatello Boccabellas : LHP Martin Lowry
|
Batting: RHB Justin Burgess
|
0-0: Called Strike 0-1: Ball 1-1: Called Strike 1-2: Ball 2-2: Strikes out swinging
|
Batting: RHB Phil Matthews
|
0-0: Ball 1-0: SINGLE (Line Drive, 6MD)
|
Batting: RHB John Mendelson
|
0-0: Called Strike 0-1: Ball 1-1: Called Strike 1-2: Foul Ball, location: 2F 1-2: Ball 2-2: Foul Ball, location: 2F 2-2: Fly out, F8 (Flyball, 8RS)
|
Batting: SHB Mark Wells
|
0-0: Called Strike 0-1: Ball 1-1: SINGLE (Line Drive, 9S) Phil Matthews to second Runner from 2nd tries for 3rd, SAFE, throw made to third
|
Batting: RHB Roberto Cruz
|
0-0: Foul Ball, location: 2F 0-1: Foul Ball, location: 2F 0-2: Foul Ball, location: 2F 0-2: Ball 1-2: Ball 2-2: Ball 3-2: Fly out, F9 (Line Drive, 9)
|
Bottom of the 7th over - 0 run(s), 2 hit(s), 0 error(s), 2 left on base; Pocatello 2 - Vista 7 |
TOP OF THE 8TH |
Pocatello Boccabellas batting - Pitching for Vista Panthers : LHP Mario Tobías
|
Batting: RHB Tomás Carranza
|
0-0: TRIPLE (Flyball, 9LD)
|
Batting: LHB Jim Jensen
|
0-0: Called Strike 0-1: Ball 1-1: Ball 2-1: SINGLE (Line Drive, 4D) Tomás Carranza scores
|
Pitching: RHP José Betancourt
|
|
Batting: RHB Ernesto Acosta
|
0-0: Called Strike 0-1: Ball 1-1: Ball 2-1: Ball 3-1: Fly out, F9 (Flyball, 9LD)
|
Batting: LHB Juan Cortés
|
0-0: Swinging Strike 0-1: Ball 1-1: Foul Ball, location: 2F 1-2: SINGLE (Groundball, 34S) (infield hit) Jim Jensen to second
|
Batting: RHB Manny Copriviza
|
0-0: Swinging Strike 0-1: Ball 1-1: Called Strike 1-2: Ball 2-2: Strikes out swinging
|
Batting: RHB Francisco Sandoval
|
0-0: Called Strike 0-1: Ball 1-1: Ball 2-1: Fly out, F1 (Line Drive, 13S)
|
Top of the 8th over - 1 run(s), 3 hit(s), 0 error(s), 2 left on base; Pocatello 3 - Vista 7 |
BOTTOM OF THE 8TH |
Vista Panthers batting - Pitching for Pocatello Boccabellas : LHP Martin Lowry
|
Batting: LHB Bob Cunningham
|
0-0: Foul Ball, location: 2F 0-1: Ball 1-1: Ground out U3 (Groundball, 34)
|
Batting: RHB Bonifacio Torres
|
0-0: Ball 1-0: Called Strike 1-1: Foul Ball, location: 2F 1-2: Foul Ball, location: 2F 1-2: Fly out, F8 (Flyball, 8RS)
|
Batting: LHB Francisco Marino
|
0-0: Called Strike 0-1: Ball 1-1: Ground out 4-3 (Groundball, 4)
|
Bottom of the 8th over - 0 run(s), 0 hit(s), 0 error(s), 0 left on base; Pocatello 3 - Vista 7 |
TOP OF THE 9TH |
Pocatello Boccabellas batting - Pitching for Vista Panthers : RHP José Betancourt
|
Batting: SHB Guillermo Ortíz
|
0-0: Foul Ball, location: 2F 0-1: Swinging Strike 0-2: Ball 1-2: Ball 2-2: Ball 3-2: DOUBLE (Line Drive, 7LM)
|
Batting: RHB José Delgado
|
0-0: Foul Ball, location: 2F 0-1: Ball 1-1: Ball 2-1: Foul Ball, location: 2F 2-2: Fly out, F7 (Flyball, 78D)
|
Pitching: RHP Scotty Johnson
|
|
Batting: LHB Vicente Bueno
|
0-0: Called Strike 0-1: Ball 1-1: SINGLE (Groundball, 6MD) Guillermo Ortíz to third Runner from 3rd tries for Home, SAFE, throw made home Vicente Bueno to second
|
Pitching: RHP David Simpson
|
|
Batting: RHB Tomás Carranza
|
0-0: Called Strike 0-1: Ball 1-1: Foul Ball, location: 2F 1-2: Reached on error, E5 (Groundball, 56S) Vicente Bueno scores
|
Batting: LHB Jim Jensen
|
0-0: Ball 1-0: Fly out, F7 (Flyball, 7)
|
Batting: RHB Ernesto Acosta
|
0-0: Ball 1-0: Called Strike 1-1: Ball Wild Pitch! Tomás Carranza to third 2-1: Ball 3-1: Foul Ball, location: 2F 3-2: Fly out, F9 (Flyball, 9D)
|
Top of the 9th over - 2 run(s), 2 hit(s), 1 error(s), 1 left on base; Pocatello 5 - Vista 7 |
|